 Dungeon Crawl Stone Soup version 0.32-a0-649-gd0e5102 (webtiles) character file.

Game seed: 11265631673116319076

58 Meow the Conjurer (level 4, 36/36 HPs)
             Began as a Naga Conjurer on Mar 8, 2024.
             Quit the game on level 2 of the Dungeon.
             The game lasted 00:02:47 (1026 turns).

Meow the Conjurer (Naga Conjurer)                   Turns: 1026, Time: 00:02:47

Health: 36/36      AC:  2    Str:  9    XL:     4   Next: 1%
Magic:  4/8        EV:  9    Int: 20    God:
Gold:   57         SH:  0    Dex: 10    Spells: 6/9 levels left

rFire   . . .        a - +0 sling
rCold   . . .        (no shield)
rNeg    . . .        e - +0 robe
rPois   +            (no helmet)
rElec   .            (no cloak)
rCorr   .            (no gloves)
SInv    +            (no barding)
Will    .....        d - amulet of magic regeneration
Stlth   ++           (no ring)
HPRegen 0.26/turn    (no ring)
MPRegen 0.51/turn

%: no passive effects
@: slowed, very slow
A: AC +1, large, see invisible, deformed body, poison resistance, slowness 2,
spit poison 1, naga tail 1
a: Spit Poison


You were on level 2 of the Dungeon.
You visited 1 branch of the dungeon, and saw 2 of its levels.

You collected 57 gold pieces.

Inventory:

Hand Weapons
 a - a +0 sling (weapon)
 b - a +0 trident
Missiles
 f - 3 stones
Armour
 e - a +0 robe (worn)
Jewellery
 c - an amulet of guardian spirit
 d - an amulet of magic regeneration (around neck)
 m - an amulet of regeneration
Scrolls
 h - a scroll of enchant weapon {unknown}
 j - a scroll of fog {unknown}
 l - a scroll of teleportation {unknown}
 o - a scroll of identify {unknown}
Potions
 g - a potion of mutation {unknown}
 i - a potion of attraction {unknown}
 k - a potion of might {unknown}
 n - a potion of magic


   Skills:
 - Level 1.5 Dodging
 - Level 3.0 Stealth
 + Level 3.0 Spellcasting
 + Level 4.8 Conjurations


You had 6 spell levels left.
You knew the following spells:

 Your Spells              Type           Power      Damage    Failure   Level
a - Magic Dart            Conj           88%        1d7       1%          1
b - Searing Ray           Conj           44%        2d6       3%          2

Your spell library contained the following spells:

 Spells                   Type           Power      Damage    Failure   Level
 Momentum Strike          Conj/Tloc      24%        3d8       8%          2
 Blink                    Tloc           6%         N/A       22%         2
 Lesser Beckoning         Tloc           6%         N/A       22%         2
 Fulminant Prism          Conj/Alch      6%         3d7       45%         4
 Iskenderun's Mystic Bla  Conj/Tloc      12%        2d5       45%         4


Dungeon Overview and Level Annotations

Branches:
Dungeon (2/15)

Altars:


Innate Abilities, Weirdness & Mutations

Your serpentine skin is tough. (AC +1)
You have supernaturally acute eyesight. (SInv)
Armour fits poorly on your strangely shaped body.
Your system is resistant to poisons. (rPois)
You cover ground very slowly.
You can spit poison.
You have a snake-like lower body.


Message History

You start resting.
Magic restored.
You struggle to detach yourself from the web.
The web tears apart.
o - a scroll labelled LEZ ZOEJ ORU Natasha, Servant of Life and Death comes into view.
Fire: a) +0 sling
Press: ? - help, Q - select action, (/) - cycle Shift-Dir - straight line, f - Natasha
Aim: Natasha (asleep, 98% to hit)
You shoot a sling bullet. The sling bullet hits Natasha.
Natasha hisses angrily.
Natasha is lightly wounded.
Aiming: Spit Poison (2% risk of failure)
Press: ? - help, Shift-Dir - straight line, f/p - Natasha
Aim: Natasha (lightly wounded, 50% to hit)
The splash of poison misses Natasha.
Unknown command.
Casting: Searing Ray (safe; 3% risk of failure)
Confirm with . or Enter, or press ? or * to list all spells.
Aiming: Searing Ray (safe; 3% risk of failure)
Press: ? - help, Shift-Dir - straight line, f/p - Natasha
Aim: Natasha (lightly wounded, 72% to hit)
The searing ray hits Natasha.
Natasha is moderately wounded. (Press . to maintain the ray.) Natasha casts a spell at you.
You feel yourself slow down.
The searing ray hits Natasha.
Natasha is severely wounded.
The searing ray misses Natasha.
You have got your breath back.
Natasha claws you.
The searing ray hits Natasha!
You kill Natasha!
Natasha yowls pathetically as she dies!
You finish channelling your searing ray.
Your Spellcasting skill increases to level 3!
You have reached level 4!
You feel agile.
Are you sure you want to abandon this character and quit the game? (Confirm with "yes".)

##########
####........# ###
............#.....
#.##...@....#
#.##.###.####
#.##.# .# #.##.#
.# # #....# .#
#.#####..# .#
#........# .#
...#..#..# .#
##..##.#..###.##


There were no monsters in sight!

Vanquished Creatures
  Natasha (D:2)
  A ribbon worm (D:2)
  2 dart slugs (D:1)
  5 bats (D:1)
  2 endoplasms (D:1)
  A giant cockroach (D:1)
  3 goblins (D:1)
  3 hobgoblins
  A ball python (D:1)
  3 frilled lizards
  A kobold (D:1)
  4 rats (D:1)
27 creatures vanquished.

Notes
Turn   | Place    | Note
-------+----------+-------------------------------------------
     0 | D:1      | Meow the Naga Conjurer began the quest for the Orb.
     0 | D:1      | Reached XP level 1. HP: 15/15 MP: 3/3
   205 | D:1      | Reached XP level 2. HP: 22/22 MP: 3/5
   208 | D:1      | Learned a level 2 spell: Searing Ray
   250 | D:1      | Found a faded altar of an unknown god.
   716 | D:1      | Reached XP level 3. HP: 28/28 MP: 6/6
  1019 | D:2      | Noticed Natasha
  1025 | D:2      | Killed Natasha
  1026 | D:2      | Reached XP level 4. HP: 36/36 MP: 4/8
  1026 | D:2      | Quit the game

Illustrated notes

Levels and vault maps discovered:
D:1:      minmay_arrival_pointy, layout_loops_ring,
          shapermc_ecumenical_altar_mp_ritualfount
D:2:      layout_loops_ring, uniq_natasha

Skill      XL: |  1  2  3 |
---------------+----------+-----
Spellcasting   | 3 |  3.0
Dodging        | |  1.5
Stealth        | |  3.0
Conjurations   | |  4.8

Action                     |  1- 3 |  4- 6 || total
---------------------------+-------+-------++-------
   Fire: Sling             |     4 |       ||     4
   Cast: Magic Dart        |    29 |       ||    29
         Searing Ray       |     2 |       ||     2
Ability: Spit Poison       |    14 |       ||    14
 Armour: Robe              |     4 |       ||     4

Table legend: (Time is in decaauts)
 A = Elapsed time spent in this place.
 B = Non-inter-level travel time spent in this place.
 C = Inter-level travel time spent in this place.
 D = Time resting spent in this place.
 E = Time spent auto-exploring this place.
 F = Levels seen in this place.
 G = Mean time per level.
                   A        B        C        D        E       F      G
               +--------+--------+--------+--------+--------+-----+--------+
         Total |   1354 |   1293 |     61 |    112 |   1015 |   2 |  677.0 |
       Dungeon |   1354 |   1293 |     61 |    112 |   1015 |   2 |  677.0 |
               +--------+--------+--------+--------+--------+-----+--------+

Top non-repeatable levels by time:
     D:1: 1256 daAuts
     D:2: 98 daAuts
